 Dungeon Crawl Stone Soup version 0.32-a0-666-ge8a88695a4 (webtiles) character file.

Game seed: 86327365016469823

1968 ezpacito the Trooper (level 9, -2/68 HPs)
             Began as a Coglin Chaos Knight on Mar 9, 2024.
             Was a Plaything of Xom.
             Slain by an orange demon (8 damage)
             ... summoned by a kobold demonologist
             ... on level 6 of the Dungeon.
             The game lasted 00:06:58 (5308 turns).

ezpacito the Trooper (Coglin Chaos Knight)          Turns: 5308, Time: 00:06:58

Health: -2/68      AC: 17    Str: 20    XL:     9   Next: 20%
Magic:  12/12      EV:  9    Int: 14    God:    Xom [.*....]
Gold:   233        SH:  0    Dex: 12    Spells: 13/13 levels left

rFire   . . .        a - +0 hand axe (chaos) {Gyeongja}
rCold   . . .        k - +3 dagger (protect) {Constanze}
rNeg    . . .        f - +0 chain mail
rPois   .            (helmet restricted)
rElec   +            d - scarf {+Inv}
rCorr   .            l - +0 pair of gloves
SInv    .            (no boots)
Will    .....        (amulet unavailable) Stlth
                     (ring unavailable)
HPRegen 0.31/turn    (ring unavailable)
MPRegen 0.13/turn    (no gizmo)

%: clarity
@: lethally poisoned (-2 -> -2), about to teleport, under a protective aura,
revved
A: off-hand wielding, slow wielding, warmup strikes, no jewellery, horns 1,
clarity, clever 1, electricity resistance, strong 1
a: Invent Gizmo, Renounce Religion, Evoke Invisibility


You were on level 6 of the Dungeon.
You worshipped Xom.
You were a plaything of Xom.
You visited 2 branches of the dungeon, and saw 7 of its levels.

You collected 233 gold pieces.

Inventory:

Hand Weapons
 a - a +0 hand axe of chaos (weapon) {Gyeongja}
 k - a +3 dagger of protection (offhand) {Constanze}
 r - a +3 hand axe
 y - a +5 dagger
Missiles
 m - a throwing net (quivered)
 p - 4 poisoned darts
 s - 3 boomerangs
Armour
 d - a scarf of invisibility (worn)
 f - a +0 chain mail (worn)
 j - a +0 plate armour
 l - a +0 pair of gloves (worn)
Magical Staves
 v - a staff of death
Wands
 b - a wand of mindburst (7)
 q - a wand of flame (6)
 D - a wand of digging (6)
Scrolls
 c - 2 scrolls of acquirement {unknown}
 e - a scroll of noise {unknown}
 g - 3 scrolls of fear {unknown}
 n - a scroll of silence {unknown}
 o - a scroll of fog {unknown}
 t - a scroll of teleportation
 x - a scroll of poison {unknown}
Potions
 u - 2 potions of lignification
 w - 2 potions of enlightenment


   Skills:
 * Level 5.5 Fighting
 * Level 5.4(5.9) Axes
 + Level 2.7(4.2) Polearms
 * Level 4.6 Armour
 * Level 4.2 Dodging
 + Level 2.6 Stealth
 + Level 2.5 Spellcasting
 + Level 1.9 Necromancy
 + Level 3.9 Evocations


You had 13 spell levels left.
You didn't know any spells.
Your spell library contained the following spells:

 Spells                   Type           Power      Damage    Failure   Level
 Freeze                   Ice            4%         1d3       86%         1
 Fugue of the Fallen      Necr           7%         N/A       92%         3
 Blink                    Tloc           2%         N/A       94%         2
 Lesser Beckoning         Tloc           2%         N/A       94%         2
 Momentum Strike          Conj/Tloc      2%         3d8       94%         2
 Frozen Ramparts          Ice            2%         1d1       99%         3
 Hailstorm                Conj/Ice       1%         3d5       99%         3
 Ozocubu's Armour         Ice            1%         N/A       99%         3
 Manifold Assault         Tloc           1%         N/A       100%        4
 Vhi's Electric Charge    Tloc/Air       2%         N/A       100%        4
 Arcjolt                  Conj/Air       0%         1d10      100%        5
 Maxwell's Capacitive Co  Air            0%         ∞         100%        8


Dungeon Overview and Level Annotations

Branches:
Dungeon (6/15)             Temple (1/1) D:6

Altars:
Cheibriados
Dithmenos
Fedhas
Hepliaklqana
Kikubaaqudgha
Makhleb
Okawaru
Ru
Trog
Uskayaw
Vehumet
Wu Jian
Yredelemnul
Zin
The Shining One


Innate Abilities, Weirdness & Mutations

You can wield a second weapon in your off-hand.
It takes a long time for you to wield or remove held weapons.
Your first few attacks do less damage.
You cannot equip rings or amulets.
You have a pair of small horns on your head.
You possess an exceptional clarity of mind.
Your mind is acute. (Int +4, Str/Dex -1)
You are resistant to electric shocks. (rElec)
Your muscles are strong. (Str +4, Int/Dex -1)


Message History

* * * LOW HITPOINT WARNING * * *
The crimson imp hits you but does no damage.
You take 7 damage, and have 9/68 hp.
You closely miss the kobold demonologist with your +3 dagger of protection.
Your headbutt misses the kobold demonologist.
The kobold demonologist is almost dead.
You hit the kobold demonologist but do no damage.
The acid corrodes the kobold demonologist!
You hit the chaos spawn but do no damage.
You completely miss the kobold demonologist with your +0 hand axe of chaos.
You barely miss the crimson imp with your +0 hand axe of chaos.
You feel sick.
The kobold demonologist hits you but does no damage. x2
The orange demon stings you but does no damage.
The chaos spawn releases spores at you but does no damage.
The crimson imp hits you.
* * * LOW HITPOINT WARNING * * *
You take 1 damage, and have 8/68 hp.
You hit the kobold demonologist with your +0 hand axe of chaos.
You drain the kobold demonologist. You headbutt the kobold demonologist.
You kill the kobold demonologist!
The chaos spawn degenerates into a cloud of primal chaos!
You hit the kobold demonologist with your +0 hand axe of chaos.
You freeze the kobold demonologist.
You barely miss the crimson imp with your +0 hand axe of chaos.
You feel sick.
The kobold demonologist gestures wildly while chanting.
The kobold demonologist hits you but does no damage.
The crimson imp hits you but does no damage.
The orange demon stings you but does no damage.
You take 1 damage, and have 7/68 hp.
As you read the scroll of teleportation, it crumbles to dust.
You feel strangely unstable.
You feel sick. "This might be better!"
The orange demon evaporates and reforms as a lemure!
The crimson imp sputters.
The crimson imp hits you but does no damage.
The orange demon stings you!
You die...
Xom guffaws!

.....###..##.# #.#
....## ##.##.# #.#
##.#.###.###.# #.####
##.##.#.####.###....#
..>............).##.#
.#.###......####.# #
.#.###......####)##.#
.#..........##545§..#
......)†)..K##.#@####
.#..##.....KK4K5K#
...).......K5#5###
.........###5#5
.##.##.#.###.#.#
.##.##.#.<.....#
..........##.###
###.##......
#.####.####


You could see an orange demon (summoned), 3 kobold demonologists, a chaos spawn
(summoned), a kobold brigand, a lemure (summoned), 2 iron imps, a crimson imp
(summoned, poisoned), a white imp (summoned), a shadow imp (summoned) and a
kobold.

Vanquished Creatures
  A kobold demonologist (D:6)
  Sigmund (D:2)
  A water moccasin (D:5)
  A black bear (D:5)
  An ogre (D:5)
  4 centaurs
  Blork the orc (D:4)
  4 scorpions
  A crimson imp (D:3)
  A bombardier beetle (D:4)
  A hound (D:5)
  A jelly (D:4)
  An orc priest (D:5)
  Ijyb (D:4)
  Terence (D:2)
  An iguana (D:5)
  A sleepcap (D:4)
  Natasha (thrice) (D:2)
  3 orc wizards (D:6)
  6 gnolls (D:2)
  7 adders
  A dart slug (D:2)
  4 ribbon worms (D:2)
  4 orcs
  9 ball pythons
  6 bats
  7 endoplasms
  7 giant cockroaches
  11 goblins
  7 hobgoblins
  3 jackals
  2 quokkas
  3 frilled lizards
  2 goblin skeletons (D:3)
  2 goblin zombies (D:3)
  A hobgoblin zombie (D:3)
  5 kobolds
  A kobold skeleton (D:3)
  2 kobold zombies (D:3)
  2 rats
121 creatures vanquished.

Notes
Turn   | Place    | Note
-------+----------+-------------------------------------------
     0 | D:1      | ezpacito the Coglin Chaos Knight began the quest for the
                  | Orb.
     0 | D:1      | Reached XP level 1. HP: 18/18 MP: 1/1
    20 | D:1      | Reached skill level 1 in Dodging
    51 | D:1      | Reached XP level 2. HP: 24/24 MP: 2/2
   131 | D:1      | XOM: silly message
   147 | D:1      | XOM: noise
   180 | D:1      | XOM: divination: magic mapping
   221 | D:1      | XOM: god gift: ring of poison resistance
   277 | D:1      | XOM: god gift: wand of mindburst (6)
   281 | D:1      | Reached XP level 3. HP: 29/29 MP: 3/3
   420 | D:1      | Found a faded altar of an unknown god.
   546 | D:1      | XOM: cloud trail
   551 | D:1      | XOM: 5-stop teleportation journey
   705 | D:2      | XOM: give mutations
   705 | D:2      | Gained mutation: You possess an exceptional clarity of
                  | mind. [Xom's mischief]
   705 | D:2      | Gained mutation: Your spells are a little harder to cast,
                  | but a little more powerful. [Xom's mischief]
   705 | D:2      | Lost mutation: Your spells are a little harder to cast, but
                  | a little more powerful. [Xom's mischief]
   705 | D:2      | Gained mutation: Your flesh is heat resistant. (rF+) [Xom's
                  | mischief]
   733 | D:2      | Noticed Natasha
   736 | D:2      | XOM: blink monster(s)
   739 | D:2      | XOM: stat loss: -1 Dex (12/13)
   742 | D:2      | Killed Natasha
   743 | D:2      | Reached XP level 4. HP: 17/35 MP: 3/5
   778 | D:2      | XOM: summons 3 hostile demons
   779 | D:2      | Noticed a smoke demon
   779 | D:2      | Noticed a hellwing
  1148 | D:2      | Noticed Terence
  1148 | D:2      | Noticed Natasha
  1157 | D:2      | Killed Terence
  1158 | D:2      | Reached skill level 1 in Spellcasting
  1158 | D:2      | Reached skill level 1 in Evocations
  1159 | D:2      | Killed Natasha
  1160 | D:2      | Reached XP level 5. HP: 20/41 MP: 6/6
  1273 | D:2      | Reached skill level 1 in Polearms
  1410 | D:2      | Noticed Natasha
  1423 | D:2      | Killed Natasha
  1424 | D:2      | Reached skill level 1 in Stealth
  1463 | D:2      | Noticed Sigmund
  1479 | D:2      | Killed Sigmund
  1480 | D:2      | Reached XP level 6. HP: 48/48 MP: 6/8
  1895 | D:3      | Found a glowing golden altar of the Shining One.
  1917 | D:3      | Reached XP level 7. HP: 54/54 MP: 9/9
  2014 | D:3      | Found a radiant altar of Vehumet.
  2517 | D:3      | XOM: noise
  2714 | D:4      | Noticed Ijyb
  2719 | D:4      | Noticed Blork the orc
  2722 | D:4      | Killed Ijyb
  2730 | D:4      | Killed Blork the orc
  2965 | D:4      | XOM: 2-stop teleportation journey
  3013 | D:4      | You fall into a shaft and drop 2 floors!
  3042 | D:5      | Entered Level 5 of the Dungeon
  3080 | D:4      | Found an ancient bone altar of Kikubaaqudgha.
  3080 | D:4      | Found a snail-covered altar of Cheibriados.
  3343 | D:4      | XOM: 2-stop teleportation journey
  3435 | D:4      | XOM: stat loss: -1 Str (13/14)
  3474 | D:4      | XOM: give mutations
  3474 | D:4      | Gained mutation: Your body sometimes deteriorates upon
                  | taking damage. [Xom's mischief]
  3474 | D:4      | Gained mutation: Your mind is acute. (Int +4, Str/Dex -1)
                  | [Xom's mischief]
  3474 | D:4      | Lost mutation: Your body sometimes deteriorates upon taking
                  | damage. [Xom's mischief]
  3474 | D:4      | Gained mutation: You are resistant to electric shocks.
                  | (rElec) [Xom's mischief]
  4146 | D:5      | XOM: silly message
  4154 | D:5      | Reached XP level 8. HP: 37/61 MP: 10/10
  4261 | D:5      | XOM: swap monsters
  4388 | D:5      | Found a glowing silver altar of Zin.
  4499 | D:5      | Reached skill level 1 in Necromancy
  4586 | D:5      | XOM: summons 4 hostile demons
  4602 | D:5      | XOM: give mutations
  4602 | D:5      | Gained mutation: Your muscles are strong. (Str +4, Int/Dex
                  | -1) [Xom's mischief]
  4602 | D:5      | Lost mutation: Your flesh is heat resistant. (rF+) [Xom's
                  | mischief]
  4602 | D:5      | Gained mutation: You have a pair of small horns on your
                  | head. [Xom's mischief]
  4852 | D:5      | Reached skill level 5 in Fighting
  4881 | D:5      | XOM: polymorph bombardier beetle -> quokka
  4979 | D:6      | Reached skill level 5 in Axes
  4982 | D:6      | XOM: enchant monster (bad)
  5193 | D:6      | Noticed a kobold demonologist
  5202 | D:6      | XOM: confuse monster(s)
  5204 | D:6      | Found a staircase to the Ecumenical Temple.
  5210 | Temple   | Entered the Ecumenical Temple
  5278 | D:6      | Reached XP level 9. HP: 53/68 MP: 12/12
  5293 | D:6      | Noticed a kobold demonologist
  5294 | D:6      | Noticed an orange demon
  5294 | D:6      | Noticed a kobold demonologist
  5295 | D:6      | XOM: summons friendly ufetubus
  5301 | D:6      | Noticed a kobold demonologist
  5307 | D:6      | Killed a kobold demonologist
  5308 | D:6      | Noticed an orange demon
  5308 | D:6      | an orange demon changed into a lemure
  5308 | D:6      | XOM: polymorph orange demon -> lemure
  5308 | D:6      | Slain by an orange demon

Illustrated notes

Levels and vault maps discovered:
D:1:      dpeg_arrival_solitude, layout_basic, shapermc_ecumenical_altar_gd,
          solitary_fountain, st_stairs_6
D:2:      layout_basic, minmay_tripent, uniq_terence, uniq_natasha, uniq_sigmund
D:3:      layout_loops_ring, nicolae_tso_besieged_by_evil,
          mainiacjoe_overflow_alcove_2
D:4:      layout_basic, nicolae_overflow_hidden_temple, uniq_blork_the_orc,
          uniq_ijyb
D:5:      layout_loops_ring, mainiacjoe_overflow_concentric_impassable
D:6:      layout_loops_cross, mainiacjoe_overflow_surrounded_room,
          minmay_temple_entry_statues_pillars
Temple:   zaba_magenta_temple

Skill      XL: |  1  2  3  4  5  6  7  8 |
---------------+-------------------------+-----
Dodging        | 1 2 3 4 |  4.2
Armour         | 2 3 4 |  4.6
Spellcasting   | 1 2 |  2.5
Evocations     | 1 2 3 |  3.9
Polearms       | 1 2 |  2.7
Stealth        | 1 2 |  2.6
Fighting       | 4 5 |  5.5
Axes           | 4 5 |  5.4
Necromancy     | 1 |  1.9

Action                     |  1- 3 |  4- 6 |  7- 9 || total
---------------------------+-------+-------+-------++-------
  Melee: Hand axe          |    53 |   113 |   199 ||   365
         Dagger            |    53 |   113 |   189 ||   355
         Headbutt          |       |       |    11 ||    11
  Evoke: Wand              |       |       |    11 ||    11
    Use: Scroll            |       |     1 |     6 ||     7
         Potion            |       |       |     2 ||     2
   Stab: Petrified         |       |    10 |       ||    10
         Petrifying        |       |     1 |       ||     1
         Paralysed         |       |       |     3 ||     3
 Armour: Leather armour    |    10 |       |       ||    10
         Chain mail        |    36 |   125 |   229 ||   390
  Dodge: Dodged            |    25 |    48 |    82 ||   155

Table legend: (Time is in decaauts)
 A = Elapsed time spent in this place.
 B = Non-inter-level travel time spent in this place.
 C = Inter-level travel time spent in this place.
 D = Time resting spent in this place.
 E = Time spent auto-exploring this place.
 F = Levels seen in this place.
 G = Mean time per level.
                   A        B        C        D        E       F      G
               +--------+--------+--------+--------+--------+-----+--------+
         Total |   5320 |   5070 |    250 |    237 |   3823 |   7 |  760.0 |
       Dungeon |   5288 |   5038 |    250 |    237 |   3793 |   6 |  881.3 |
        Temple |     31 |     31 |      0 |      0 |     30 |   1 |   31.0 |
               +--------+--------+--------+--------+--------+-----+--------+

Top non-repeatable levels by time:
     D:4: 1212 daAuts
     D:2: 1098 daAuts
     D:5: 1002 daAuts
     D:3: 826 daAuts
     D:1: 810 daAuts
     D:6: 338 daAuts
  Temple: 31 daAuts
